Map: Para Site LE

Players

Yocto - Winner!

  • Race: Zerg Zerg
  • League: Gold
  • Spawn Location: 11:00

IAMFUNNYBOT

  • Race: Protoss Protoss
  • League: Platinum
  • Spawn Location: 5:00

VOD

Have the link to the VOD?

Description

Time

  • Played on: Dec. 21, 2018, 8:16 a.m.
  • Length: 10:39
Show
View Real Time Build Order
Export as new Build Order

Yocto Zerg - Winner!

Build Orders: Pool First, Lurkers 

Get SALT Encoding   

  12  0:01  Drone  
  13  0:15  Overlord  
  13  0:18  Drone  
  14  0:38  Drone  
  14  0:39  Drone x2  
  17  0:57  Spawning Pool, Drone  
  16  1:00  Extractor  
  16  1:02  Drone  
  17  1:22  Hatchery  
  16  1:46  Zergling x6  
  19  1:50  Queen  
  21  1:58  Overlord  
  21  2:09  Metabolic Boost  
  21  2:17  Drone  
  22  2:27  Drone  
  23  2:30  Drone  
  23  2:32  Queen  
  26  2:48  Drone x3  
  29  2:51  Drone  
  27  3:15  Hatchery  
  26  3:21  Queen  
  28  3:28  Drone x3  
  31  3:35  Overlord  
  31  3:48  Queen  
  31  3:50  Overlord  
  33  4:06  Drone x6  
  33  4:07  Drone x2  
  41  4:22  Drone x2  
  41  4:23  Drone x4  
  47  4:28  Spore Crawler  
  47  4:30  Spore Crawler  
  43  4:44  Extractor  
  43  4:45  Extractor  
  41  5:01  Roach Warren  
  41  5:02  Extractor  
  41  5:03  Drone x5  
  41  5:06  Drone x3  
  47  5:09  Spore Crawler  
  47  5:10  Drone  
  47  5:11  Drone x2  
  49  5:16  Queen  
  49  5:18  Drone x6  
  57  5:24  Lair  
  57  5:31  Evolution Chamber  
  57  5:32  Evolution Chamber  
  55  5:41  Overlord, Drone  
  55  5:42  Overlord  
  56  5:50  Overlord x2  
  56  5:51  Overlord x2  
  56  6:04  Zerg Missile Weapons Level 1  
  56  6:05  Zerg Ground Armor Level 1  
  56  6:07  Drone x2  
  56  6:08  Drone  
  59  6:12  Drone x2  
  59  6:18  Drone x4  
  63  6:19  Drone  
  63  6:21  Extractor  
  63  6:22  Extractor  
  63  6:23  Drone x3  
  63  6:24  Drone  
  68  6:29  Glial Reconstitution  
  68  6:31  Hydralisk Den, Drone  
  68  6:39  Drone x2  
  71  6:40  Drone  
  71  6:42  Drone x3  
  71  6:45  Drone x2  
  76  6:50  Overlord x2  
  76  6:57  Roach x3  
  76  6:58  Roach  
  84  7:03  Muscular Augments  
  84  7:06  Drone  
  84  7:07  Lurker Den  
  84  7:08  Overlord x3  
  84  7:16  Roach x6  
  96  7:28  Overseer  
  96  7:30  Hydralisk x5  
  96  7:31  Hydralisk  
  108  7:39  Overlord  
  106  7:53  Hydralisk x4  
  106  7:54  Hydralisk x6  
  126  8:11  Hydralisk  
  126  8:12  Hydralisk x3  
  134  8:13  Hydralisk  
  134  8:19  Hatchery  
  134  8:24  Extractor  
  132  8:38  Overseer  
  132  8:44  Roach x6  
  132  8:46  Overlord x4  
  144  9:10  Lurker  
  144  9:11  Lurker x6  
  144  9:12  Lurker x2  
  144  9:14  Hydralisk  
  144  9:15  Hydralisk x3  
  161  9:25  Overlord x4  
  161  9:40  Hydralisk x3  
  161  9:44  Hydralisk x7  
  161  9:45  Hydralisk x2  
  185  9:54  Overlord x4  
  185  10:04  Zergling x8  
Show
View Real Time Build Order
Export as new Build Order

IAMFUNNYBOT Protoss 

Build Orders: Oracle Opening 

Get SALT Encoding   

  12  0:01  Probe  
  13  0:13  Probe  
  14  0:22  Pylon  
  14  0:25  Probe  
  15  0:39  Probe  
  15  0:41  Gateway  
  16  0:47  Assimilator  
  16  0:48  Probe  
  16  0:56  Probe  
  17  0:59  Assimilator  
  18  1:15  Probe  
  19  1:33  Cybernetics Core  
  19  1:35  Probe  
  20  1:41  Zealot  
  22  1:50  Pylon  
  22  1:52  Probe  
  23  2:09  Warp Gate  
  23  2:11  Nexus  
  23  2:15  Gateway  
  23  2:23  Probe  
  24  2:34  Stalker  
  24  2:35  Probe  
  25  2:38  Stargate  
  27  2:47  Probe  
  28  3:11  Probe  
  29  3:20  Oracle  
  29  3:23  Probe  
  29  3:24  Probe  
  34  3:35  Pylon  
  34  3:41  Probe x2  
  34  3:42  Robotics Facility  
  36  3:55  Stalker  
  38  3:57  Stalker  
  40  4:03  Probe x2  
  40  4:05  Assimilator  
  42  4:10  Pylon  
  42  4:17  Probe x2  
  44  4:24  Twilight Council  
  44  4:26  Phoenix  
  46  4:49  Immortal  
  46  4:50  Probe x2  
  48  4:58  Probe x2  
  52  5:00  Phoenix  
  52  5:06  Probe  
  56  5:07  Probe  
  58  5:24  Probe x2  
  58  5:27  Assimilator  
  60  5:29  Phoenix  
  60  5:31  Nexus  
  60  5:33  Pylon  
  62  5:36  Pylon  
  62  5:41  Pylon  
  62  5:48  Pylon  
  62  5:51  Probe x2, Immortal  
  62  5:54  Phoenix  
  70  6:02  Templar Archives  
  70  6:08  Shield Battery  
  70  6:09  Shield Battery  
  70  6:14  Pylon  
  70  6:17  Probe x2  
  72  6:20  Phoenix  
  74  6:31  Probe x2  
  76  6:33  Forge  
  76  6:36  Forge  
  76  6:38  Immortal  
  80  6:46  Charge  
  80  6:47  Phoenix  
  80  6:52  Stalker x2  
  80  6:54  Psionic Storm, Protoss Ground Weapons Level 1  
  86  6:55  Probe  
  86  6:58  Probe x2  
  89  7:03  Probe  
  90  7:10  Probe x2  
  90  7:12  Protoss Ground Armor Level 1  
  92  7:17  Probe  
  90  7:57  Gateway  
  90  7:58  Gateway  
  90  8:00  Gateway x2  
  90  8:01  Gateway  
  90  8:02  Gateway, Phoenix  
  90  8:03  Immortal  
  90  8:04  Gateway  
  90  8:05  Gateway  
  96  8:09  Robotics Bay  
  96  8:35  Probe  
  96  8:37  Probe x2  
  96  8:40  Assimilator  
  99  8:42  Immortal  
  99  8:43  Probe, Assimilator  
  104  8:49  Probe x2  
  104  8:51  Probe  
  104  8:52  High Templar x3  
  113  9:01  Probe x2  
  115  9:04  Probe  
  116  9:13  Probe  
  117  9:22  Pylon  
  117  9:24  Pylon  
  113  9:29  Pylon  
  113  9:30  Pylon  
  113  9:38  Observer, Stalker x2  
  98  9:56  High Templar x3  
  103  10:12  Pylon x2  
  72  10:31  Zealot x2  
  72  10:32  Zealot x4  
  72  10:34  Stalker x4  
Tags
 
Composition
Lurkers
Matchup
PvZ
Replay Pack
Yocto
Spawn Locations
Cross Positions
Add a new tag
Caveats
  • Supply blocks, unpowered buildings, or Contaminate may cause inaccurate times.
  • Supply counts are checked every 10 seconds.